 Dungeon Crawl Stone Soup version 0.21.1-1-g345015fe64 (webtiles) character file.

6211 Norrik the Carver (level 10, -2/94 HPs)
             Began as a Minotaur Gladiator on Mar 15, 2018.
             Was a High Priest of Okawaru.
             Slain by a black bear (3 damage)
             ... on level 11 of the Dungeon.
             The game lasted 00:50:06 (9566 turns).

Norrik the Carver (Minotaur Gladiator)              Turns: 9566, Time: 00:50:06

Health: -2/94      AC: 16    Str: 19    XL:     10   Next: 61%
Magic:  8/9        EV:  7    Int:  8    God:    Okawaru [*****.]
Gold:   607        SH:  0    Dex: 12    Spells: 9/9 levels left

rFire    . . .     SeeInvis .   u - +4 long sword
rCold    . . .     Gourm    .   (no shield)
rNeg     . . .     Faith    +   g - +0 plate armour
rPois    .         Spirit   .   c - +0 hat
rElec    .         Reflect  .   (no cloak)
rCorr    .         Harm     .   M - +0 pair of gloves
MR       .....                  (no boots)
Stlth    ..........             v - amulet of faith
HPRegen  0.25/turn              D - ring of flight
MPRegen  0.11/turn              (no ring)

@: no status effects
A: retaliatory headbutt, horns 2
a: Heroism, Finesse, Renounce Religion, Evoke Flight


You were on level 11 of the Dungeon.
You worshipped Okawaru.
Okawaru was extremely pleased with you.
You were not hungry.

You visited 2 branches of the dungeon, and saw 12 of its levels.

You collected 607 gold pieces.

Inventory:

Hand Weapons
 a - a +0 trident
 u - a +4 long sword (weapon)
 x - a +2 mace of holy wrath
 I - a +2 shortbow of flaming
Missiles
 d - 5 throwing nets
 j - 370 stones (quivered)
 m - 2 curare-tipped needles
 s - 26 poisoned needles
 E - 187 arrows
 F - 3 tomahawks of dispersal
 S - 2 tomahawks
Armour
 c - a +0 hat (worn)
 g - a +0 plate armour (worn)
 M - a +0 pair of gloves (worn)
Jewellery
 v - an amulet of faith (around neck)
 D - a ring of flight (left hand)
 J - an uncursed ring of ice
Wands
 b - a wand of random effects (41)
 o - a wand of polymorph (17)
 O - a wand of paralysis (10)
Scrolls
 h - 2 scrolls of fog {unknown}
 l - 2 scrolls of blinking {unknown}
 t - 5 scrolls of teleportation {unknown}
 y - a scroll of identify
 B - a scroll of amnesia {unknown}
 C - 2 scrolls of enchant armour {unknown}
 H - 2 scrolls of remove curse {unknown}
 K - a scroll of immolation {unknown}
 N - 2 scrolls of magic mapping
 P - a scroll of enchant weapon {unknown}
Potions
 e - a potion of lignification {unknown}
 i - 5 potions of mutation
 k - 3 potions of flight
 n - a potion of agility
 p - 2 potions of degeneration
 q - 3 potions of resistance
 w - a potion of magic
 A - 3 potions of might
 G - 5 potions of curing
 L - a potion of brilliance
 T - a potion of ambrosia {unknown}
Books
 r - a book of Cantrips

   Spells                             Type                      Level
   a - Confusing Touch                Hexes                        1
   b - Animate Skeleton               Necromancy                   1
   c - Summon Small Mammal            Summoning                    1
   d - Apportation                    Translocation                1
 Q - a book of Changes

   Spells                             Type                      Level
   a - Beastly Appendage              Transmutation                1
   b - Sticks to Snakes               Transmutation                2
   c - Spider Form                    Transmutation/Poison         3
   d - Ice Form                       Ice/Transmutation            4
   e - Blade Hands                    Transmutation                5
 R - a book of Flames

   Spells                             Type                      Level
   a - Flame Tongue                   Conjuration/Fire             1
   b - Throw Flame                    Conjuration/Fire             2
   c - Conjure Flame                  Conjuration/Fire             3
   d - Inner Flame                    Hexes/Fire                   3
   e - Sticky Flame                   Conjuration/Fire             4
   f - Fireball                       Conjuration/Fire             5
Comestibles
 f - 12 rations


   Skills:
 - Level 10.4 Fighting
 + Level 12.2 Long Blades
 - Level 3.6 Polearms
 - Level 2.0 Throwing
 - Level 10.3 Armour
 - Level 3.2 Dodging


You had 9 spell levels left.
You didn't know any spells.

Dungeon Overview and Level Annotations

Branches:
Dungeon (11/15)            Temple (1/1) D:5
   Lair: D:8-11         Orc: D:9-12

Altars:
Ashenzari
Cheibriados
Elyvilon
Fedhas
Okawaru
Sif Muna
Vehumet
Xom
Yredelemnul
The Shining One


Innate Abilities, Weirdness & Mutations

You reflexively headbutt those who attack you in melee.
You have a pair of horns on your head.


Message History

The black bear closely misses you.
The black bear claws you but does no damage.
The troll bites you.
* * * LOW HITPOINT WARNING * * *
The troll claws you but does no damage. The troll misses you.
The black bear barely misses you. You furiously retaliate!
You headbutt the black bear! The black bear barely misses you.
The black bear closely misses you.
The black bear goes berserk!
You feel like a meek peon again. The troll bites you!
* * * LOW HITPOINT WARNING * * *
The troll claws you but does no damage. The troll completely misses you.
The black bear bites you but does no damage.
The black bear claws you but does no damage.
The black bear closely misses you. The black bear bites you!
* * * LOW HITPOINT WARNING * * *
The black bear claws you.
You die...

#...........#...'.....
#.##...........#...#.....
#..............#..##+###T
########....##'#..#
#.....#....#.....#
#.....#T#..#.....#
#.....#.#..#.....# #...#
#h...#######
#########...###@####
#.<................#
#..................#
#..................#
#..................#
####################


You could see a troll and a black bear (berserk).

Vanquished Creatures
  A two-headed ogre (D:7)
  A manticore (D:11)
  An ugly thing (D:8)
  Prince Ribbit (D:8)
  The ghost of Fuxmar the Covered, an amateur GrFi (D:4)
  Eustachio (D:4)
  4 yaks (D:10)
  A steam dragon (D:9)
  A water moccasin (D:9)
  A porcupine (D:11)
  2 phantoms
  2 black bears
  A necrophage (D:10)
  6 centaurs
  An ogre (D:7)
  3 bullfrogs
  3 scorpions
  5 killer bees (D:10)
  The ghost of matti1234 the Vexing, a weakling FoAM (D:3)
  11 wights
  A howler monkey (D:5)
  5 crimson imps
  A bullfrog zombie (D:5)
  6 hounds
  Crazy Yiuf (D:3)
  A centaur zombie (D:9)
  A bullfrog skeleton (D:4)
  A gnoll shaman (D:7)
  3 orc priests
  2 jellies
  6 iguanas
  3 orc wizards
  8 worker ants
  A hound zombie (D:9)
  A hound skeleton (D:4)
  10 adders
  8 gnolls
  A shadow imp (D:9)
  3 oozes
  3 adder skeletons
  A worm (D:3)
  A dart slug (D:2)
  A leopard gecko (D:6)
  21 orcs
  4 bats
  6 giant cockroaches
  2 gnoll zombies (D:5)
  13 goblins
  5 hobgoblins
  13 jackals
  7 kobolds
  4 quokkas
  A frilled lizard (D:2)
  A quokka zombie (D:6)
  8 rats
202 creatures vanquished.

Vanquished Creatures (others)
  6 fungi (D:11)
  3 plants (D:11)
9 creatures vanquished.

Grand Total: 211 creatures vanquished

Notes
Turn   | Place    | Note
-------+----------+-------------------------------------------
     0 | D:1      | Norrik the Minotaur Gladiator began the quest for the Orb.
     0 | D:1      | Reached XP level 1. HP: 18/18 MP: 0/0
   240 | D:1      | Reached XP level 2. HP: 27/27 MP: 1/1
   638 | D:2      | Reached XP level 3. HP: 33/33 MP: 2/2
   810 | D:2      | Reached skill level 5 in Fighting
   831 | D:2      | Reached XP level 4. HP: 24/42 MP: 3/3
  1281 | D:2      | Found a shimmering altar of Xom.
  1283 | D:2      | Found a deep blue altar of Sif Muna.
  1283 | D:2      | Found a radiant altar of Vehumet.
  1285 | D:2      | Found a snail-covered altar of Cheibriados.
  1285 | D:2      | Found a shattered altar of Ashenzari.
  1285 | D:2      | Found a blossoming altar of Fedhas.
  1672 | D:3      | Found an iron altar of Okawaru.
  1706 | D:3      | Became a worshipper of Warmaster Okawaru
  1809 | D:3      | Reached XP level 5. HP: 51/51 MP: 4/4
  2010 | D:3      | Found a runed door.
  2387 | D:3      | Noticed Crazy Yiuf
  2387 | D:3      | Noticed matti1234's ghost (weakling FoAM)
  2418 | D:3      | Killed Crazy Yiuf
  2429 | D:3      | Killed matti1234's ghost
  2541 | D:4      | Reached XP level 6. HP: 52/61 MP: 5/5
  2690 | D:4      | Noticed Fuxmar's ghost (amateur GrFi)
  2723 | D:4      | Killed Fuxmar's ghost
  2799 | D:4      | Reached * piety under Okawaru
  2799 | D:4      | Reached XP level 7. HP: 70/70 MP: 6/6
  3300 | D:4      | Noticed Eustachio
  3487 | D:4      | Killed Eustachio
  3487 | D:4      | Reached skill level 10 in Fighting
  3661 | D:5      | Entered Level 5 of the Dungeon
  3741 | D:5      | Reached skill level 1 in Armour
  3939 | D:5      | Found a basalt altar of Yredelemnul.
  4157 | D:5      | Found a staircase to the Ecumenical Temple.
  4175 | D:5      | Reached XP level 8. HP: 44/80 MP: 7/7
  4358 | Temple   | Entered the Ecumenical Temple
  4714 | D:6      | Reached skill level 5 in Armour
  5127 | D:7      | Noticed a two-headed ogre
  5258 | D:7      | Reached ** piety under Okawaru
  5337 | D:7      | Killed a two-headed ogre
  5337 | D:7      | Reached *** piety under Okawaru
  5337 | D:7      | Reached skill level 10 in Armour
  5337 | D:7      | Reached XP level 9. HP: 9/86 MP: 5/8
  5700 | D:7      | Reached skill level 1 in Long Blades
  5728 | D:7      | Reached skill level 2 in Long Blades
  5774 | D:7      | Reached skill level 3 in Long Blades
  5917 | D:7      | Reached skill level 4 in Long Blades
  5998 | D:7      | Reached skill level 5 in Long Blades
  6425 | D:7      | Found a glowing golden altar of the Shining One.
  6716 | D:8      | Reached skill level 6 in Long Blades
  6781 | D:8      | Found a deep blue altar of Sif Muna.
  6783 | D:8      | Noticed a brown ugly thing
  6796 | D:8      | Killed a brown ugly thing
  6796 | D:8      | Reached skill level 7 in Long Blades
  7025 | D:8      | Reached skill level 8 in Long Blades
  7120 | D:8      | Noticed Prince Ribbit
  7127 | D:8      | Killed Prince Ribbit
  7718 | D:9      | Reached skill level 9 in Long Blades
  7752 | D:9      | Reached **** piety under Okawaru
  7752 | D:9      | Reached XP level 10. HP: 74/94 MP: 9/9
  8095 | D:9      | Found a white marble altar of Elyvilon.
  8340 | D:10     | Entered Level 10 of the Dungeon
  8407 | D:10     | Reached skill level 10 in Long Blades
  8625 | D:10     | Reached skill level 11 in Long Blades
  8773 | D:10     | Reached ***** piety under Okawaru
  9146 | D:11     | Noticed a manticore
  9173 | D:11     | Killed a manticore
  9173 | D:11     | Reached skill level 12 in Long Blades
  9566 | D:11     | HP: 1/94 [black bear (8)]
  9566 | D:11     | Slain by a black bear

Skill      XL: |  1  2  3  4  5  6  7  8  9 10 |
---------------+-------------------------------+-----
Fighting       | 3 4 5 6 7 9 10 | 10.4
Armour         | 4 10 | 10.3
Long Blades    | 9 12 | 12.2
Polearms       | |  3.6
Throwing       | |  2.0
Dodging        | |  3.2

Action                   |  1- 3 |  4- 6 |  7- 9 | 10-12 || total
-------------------------+-------+-------+-------+-------++-------
Melee: Trident           |   103 |   159 |   228 |       ||   490
       Headbutt          |    17 |    28 |    83 |    26 ||   154
       Long sword        |       |       |   111 |   124 ||   235
Throw: Stone             |       |     7 |    30 |       ||    37
Invok: Heroism           |       |       |     5 |     3 ||     8
Evoke: Wand              |       |     3 |     1 |     1 ||     5
  Use: Scroll            |       |       |    11 |       ||    11
       Potion            |       |       |       |     3 ||     3
  Eat: Chunk             |       |     6 |    12 |     3 ||    21
       Ration            |       |       |     1 |     1 ||     2
Armor: Leather armour    |     5 |       |       |       ||     5
       Plate armour      |    83 |    86 |   279 |   104 ||   552
Dodge: Dodged            |    52 |    44 |   138 |    68 ||   302
       Rpst.: Long sword |       |       |    11 |     7 ||    18
